 Dungeon Crawl Stone Soup version 0.26-a0-365-g11c2b627af (webtiles) character file.

Game seed: 16296292021204960801

25 Glokmah the Vexing (level 3, -8/20 HPs)
             Began as a Kobold Arcane Marksman on July 19, 2020.
             Mangled by a kobold
             ... wielding a +1 dagger of electrocution
              (19 damage)
             ... on level 2 of the Dungeon.
             The game lasted 00:02:19 (1233 turns).

Glokmah the Vexing (Kobold Arcane Marksman)         Turns: 1233, Time: 00:02:19

Health: -8/20      AC:  2    Str:  7    XL:     3   Next: 17%
Magic:  4/4        EV: 15    Int: 15    God:
Gold:   35         SH:  0    Dex: 15    Spells: 0/4 levels left

rFire    . . .     SeeInvis .   a - +0 short sword
rCold    . . .     Faith    .   (shield restricted)
rNeg     . . .     Spirit   .   e - +0 robe
rPois    .         Reflect  .   (no helmet)
rElec    .         Harm     .   (no cloak)
rCorr    .                      (no gloves)
MR       .....                  (no boots)
Stlth    +.........             (no amulet)
HPRegen  0.06/turn              (no ring)
MPRegen  0.09/turn              (no ring)

@: no status effects
A: small
a: no special abilities


You were on level 2 of the Dungeon.
You visited 1 branch of the dungeon, and saw 2 of its levels.

You collected 35 gold pieces.

Inventory:

Hand Weapons
 a - a +0 short sword (weapon)
Missiles
 c - 4 boomerangs (quivered)
 d - 2 throwing nets
Armour
 e - a +0 robe (worn)
 f - a +0 buckler
 i - a cursed +0 leather armour
Scrolls
 h - a scroll of fog {unknown}
 j - a scroll of identify {unknown}
Potions
 b - a potion of berserk rage {unknown}
 g - a potion of cancellation {unknown}


   Skills:
 + Level 1.4 Fighting
 * Level 2.9 Throwing
 + Level 2.6 Dodging
 + Level 0.1 Shields
 + Level 1.3 Spellcasting
 * Level 3.3 Hexes


You couldn't memorise any spells.
You knew the following spells:

 Your Spells              Type           Power        Failure   Level
a - Corona                Hex            ##.....      6%          1
b - Inner Flame           Hex/Fire       #.......     36%         3

Your spell library contained the following spells:

 Spells                   Type           Power        Failure   Level
 Slow                     Hex            ##......     10%         2
 Portal Projectile        Hex/Tloc       #.....       36%         3
 Cause Fear               Hex            ##........   52%         4
 Leda's Liquefaction      Hex/Erth       #.........   77%         4


Dungeon Overview and Level Annotations

Branches:
Dungeon (2/15)

Altars:


Message History

You barely miss the kobold. The kobold hits you.
The kobold hits you with a +1 dagger of electrocution.
The kobold hits you. The kobold closely misses you.
You hit the kobold.
You kill the kobold!
The kobold barely misses you.
Found 13 gold pieces.
Throwing (i - inventory. (/) - cycle)
c - 4 boomerangs (quivered)
Press: ? - help, Shift-Dir - straight line, f - kobold
Aim: a kobold, wielding a +1 dagger of electrocution You throw a boomerang.
The boomerang barely misses the kobold.
The kobold barely misses you.
Throwing (i - inventory. (/) - cycle)
c - 4 boomerangs (quivered)
Press: ? - help, Shift-Dir - straight line, f/p - kobold
Aim: a kobold, wielding a +1 dagger of electrocution You throw a boomerang.
The boomerang barely misses the kobold.
The kobold hits you with a +1 dagger of electrocution.
You are electrocuted!!
Ouch! That really hurt!
You die...

...
..
$.
.##
..#
#.#
#.#
#@#
#K#
#.#
#.#
#.#
#.#
#<#
#.#
#.#


You could see a kobold.

Vanquished Creatures
  A dart slug (D:1)
  2 leopard geckos (D:1)
  A bat (D:1)
  A giant cockroach (D:2)
  5 goblins (D:1)
  3 hobgoblins (D:1)
  2 frilled lizards (D:1)
  A kobold (D:2)
  3 rats (D:1)
19 creatures vanquished.

Notes
Turn   | Place    | Note
-------+----------+-------------------------------------------
     0 | D:1      | Glokmah the Kobold Arcane Marksman began the quest for the
                  | Orb.
     0 | D:1      | Reached XP level 1. HP: 12/12 MP: 2/2
    59 | D:1      | Reached XP level 2. HP: 4/16 MP: 3/3
   815 | D:1      | Reached XP level 3. HP: 12/20 MP: 4/4
   948 | D:1      | Learned a level 3 spell: Inner Flame
  1233 | D:2      | Mangled by a kobold

Illustrated notes

Levels and vault maps discovered:
D:1:      psy_arrival_conway, layout_loops_cross, minmay_misc_feat_plants,
          minivault_11, serial_bayou_crossing
D:2:      wad_crossroads, layout_rooms, lemuel_round_altar

Action                   || total
-------------------------++-------
Melee: Short sword       ||    37
       Dagger            ||     3
       Mace              ||     2
Throw: Boomerang         ||    40
  Use: Scroll            ||     1
 Stab: Sleeping          ||     3
Armor: Robe              ||     7
Dodge: Dodged            ||    41

Table legend: (Time is in decaauts)
 A = Elapsed time spent in this place.
 B = Non-inter-level travel time spent in this place.
 C = Inter-level travel time spent in this place.
 D = Time resting spent in this place.
 E = Time spent auto-exploring this place.
 F = Levels seen in this place.
 G = Mean time per level.
                   A        B        C        D        E       F      G
               +--------+--------+--------+--------+--------+-----+--------+
         Total |   1252 |   1200 |     52 |    223 |    691 |   2 |  626.0 |
       Dungeon |   1252 |   1200 |     52 |    223 |    691 |   2 |  626.0 |
               +--------+--------+--------+--------+--------+-----+--------+
